 Dungeon Crawl Stone Soup version 0.25.0-11-g1f837a76a1 (webtiles) character file.

Game seed: 10949941588571677387

(classic levelgen) 1496331 EnegeticOcto the Merry Centaur (level 27, 258/258 HPs)
             Began as a Centaur Summoner on June 26, 2020.
             Escaped with the Orb
             ... and 3 runes!
             The game lasted 02:06:54 (93890 turns).

EnegeticOcto the Merry Centaur (Centaur Summoner)  Turns: 93890, Time: 02:06:55

Health: 258/258    AC: 44    Str: 21    XL:     27
Magic:  31/31      EV: 14    Int: 12    God:
Gold:   5642       SH:  8    Dex: 16    Spells: 36/42 levels left

rFire    + . .     SeeInvis +   b - +9 longbow (freeze)
rCold    + . .     Gourm    .   (shield currently unavailable)
rNeg     . . .     Faith    .   q - +7 storm dragon scales of Darkness {rElec rCorr}
rPois    +         Spirit   +   h - +2 helmet
rElec    +         Reflect  .   P - scarf {repulsion}
rCorr    +         Harm     .   c - +2 pair of gloves {Dex+3}
MR       +++..                  M - +4 centaur barding {Stlth+}
Stlth    +.........             p - brooch of Shielding {Spirit SH+8}
HPRegen  0.53/turn              w - ring of Aleer {rPois rF+ MR+ SInv Stlth+}
MPRegen  0.22/turn              C - ring of protection from cold

@: repel missiles, very quick
A: large, hooves 3, molten scales 1, deformed body, deterioration 2, dopey 1,
speed 2, low mp 1, mutation resistance 1, sense surroundings 1, tough skin 3
0: Orb of Zot
}: 3/15 runes: serpentine, barnacled, slimy
a: no special abilities


You escaped.
You were not hungry.

You visited 10 branches of the dungeon, and saw 53 of its levels.
You also visited: Ossuary, Ice Cave, Volcano and Desolation.

You collected 13137 gold pieces.
You spent 7495 gold pieces at shops.

Inventory:

Hand Weapons
 a - a +5 vampiric demon trident
 b - a +9 longbow of freezing (weapon)
 t - the +9 broad axe of Doom {speed, rElec rC+ rN+ Str+3}
   (You found it on level 5 of the Pits of Slime)

   Attacks with this weapon are significantly faster.
   It affects your strength (+3).
   It protects you from cold.
   It insulates you from electricity.
   It protects you from negative energy.
 X - a +0 war axe of distortion
Missiles
 m - 917 arrows (quivered)
 r - 22 curare-tipped darts
 F - 14 throwing nets {!f}
Armour
 c - a +2 pair of gloves of dexterity (worn)
 h - a +2 helmet (worn)
 q - the +7 storm dragon scales of Darkness (worn) {rElec rCorr}
   (You took it off a deep elf high priest on level 3 of the Elven Halls)

   It insulates you from electricity.
   It provides partial protection from all sources of acid and corrosion.
 M - a +4 centaur barding of stealth (worn)
 P - a scarf of repulsion (worn)
Jewellery
 p - the brooch of Shielding (around neck) {Spirit SH+8}
   (You took it off a deep elf master archer on level 3 of the Elven Halls)

   [amulet of guardian spirit]

   It causes incoming damage to be split between your health and magic.
   It affects your SH (+8).
 u - an uncursed ring of protection from magic
 w - the ring of Aleer (left hand) {rPois rF+ MR+ SInv Stlth+}
   (You took it off a deep elf death mage on level 3 of the Elven Halls)

   [ring of protection from magic]

   It protects you from fire.
   It protects you from poison.
   It affects your resistance to hostile enchantments.
   It lets you see invisible.
   It makes you more stealthy.
 z - an uncursed ring of protection from fire
 C - a ring of protection from cold (right hand)
 Z - the ring "Xulatz" {rPois rN+ Str+6 Dex+3 Stlth-}
   (You found it on level 11 of the Dungeon)

   [ring of strength]

   It affects your strength (+6).
   It affects your dexterity (+3).
   It protects you from poison.
   It protects you from negative energy.
   It makes you less stealthy.
Wands
 D - a wand of digging (48) {@v3}
 K - a wand of iceblast (29) {@v2}
 L - a wand of paralysis (32)
 O - a wand of clouds (5)
 Q - a wand of polymorph (31)
 V - a wand of acid (32) {@v1}
 Y - a wand of disintegration (19)
Scrolls
 i - 3 scrolls of holy word
 k - 10 scrolls of teleportation {@r3 !r}
 E - 4 scrolls of fear {!r}
 G - 9 scrolls of blinking {@r4}
 J - a scroll of immolation
 N - 6 scrolls of magic mapping {@r5 !r}
 R - 6 scrolls of fog {!r}
 U - 6 scrolls of identify {@r1}
 W - 2 scrolls of silence
Potions
 d - 7 potions of haste {@q4 !q}
 g - 11 potions of mutation
 j - 5 potions of ambrosia
 l - 21 potions of curing {@q1 !q}
 n - a potion of invisibility
 s - 8 potions of heal wounds {@q2 !q}
 A - 15 potions of lignification {@q6}
 B - 2 potions of cancellation
 H - 7 potions of might {@q3 !q}
 I - 5 potions of berserk rage
 S - 2 potions of magic
 T - 4 potions of resistance
Miscellaneous
 f - 7 boxes of beasts
 v - a lightning rod (4/4)
 x - a phial of floods
 y - a tin of tremorstones (3/3)
Comestibles
 e - 60 rations


   Skills:
 + Level 23.2 Fighting
 - Level 6.0 Polearms
 O Level 27 Bows
 + Level 18.9 Armour
 + Level 17.2 Dodging
 - Level 1.1 Stealth
 - Level 8.0 Spellcasting
 - Level 9.0 Charms
   Level 3.6 Summonings
 - Level 8.0 Translocations
 - Level 10.0 Evocations


You had 36 spell levels left.
You knew the following spells:

 Your Spells              Type           Power        Failure   Level  Hunger
b - Song of Slaying       Chrm           ####....     2%          2    #......
p - Passwall              Tmut/Erth      #.......     65%         2    #......
Y - Blink                 Tloc           N/A          3%          2    #......

Your spell library contained the following spells:

 Spells                   Type           Power        Failure   Level  Hunger
 Infusion                 Chrm           ####         1%          1    None
 Apportation              Tloc           ###...       2%          1    None
 Shroud of Golubria       Chrm/Tloc      ####..       2%          2    #......
 Lesser Beckoning         Tloc           ###.......   7%          3    ##.....
 Teleport Other           Tloc           ###.....     7%          3    ##.....
 Summon Butterflies       Summ           ##......     14%         1    None
 Summon Small Mammal      Summ           ##..         14%         1    None
 Swiftness                Chrm/Air       ###.....     14%         2    #......
 Call Imp                 Summ           ##......     21%         2    #......
 Ozocubu's Armour         Chrm/Ice       ###.....     28%         3    ##.....
 Spectral Weapon          Hex/Chrm       ###.....     28%         3    ##.....
 Call Canine Familiar     Summ           ##......     38%         3    ##.....
 Animate Skeleton         Necr           N/A          52%         1    None
 Beastly Appendage        Tmut           #.....       52%         1    None
 Magic Dart               Conj           #...         52%         1    None
 Pain                     Necr           #...         52%         1    None
 Sandblast                Erth           #.....       52%         1    None
 Shock                    Conj/Air       #...         52%         1    None
 Sting                    Tmut/Pois      #...         52%         1    None
 Poisonous Vapours        Pois/Air       #.....       65%         2    #......
 Searing Ray              Conj           #.....       65%         2    #......
 Slow                     Hex            #.......     65%         2    #......
 Sticks to Snakes         Tmut           #.......     65%         2    #......
 Summon Guardian Golem    Hex/Summ       #.......     65%         3    ##.....
 Iskenderun's Mystic Bla  Conj/Tloc      ##......     75%         4    ####...
 Confusing Touch          Hex            #.......     87%         3    ##.....
 Conjure Flame            Conj/Fire      #.......     87%         3    ##.....
 Dazzling Flash           Conj/Hex       #.....       87%         3    ##.....
 Ignite Poison            Fire/Tmut/Pois #.......     87%         3    ##.....
 Mephitic Cloud           Conj/Pois/Air  #.......     87%         3    ##.....
 Spider Form              Tmut/Pois      #.........   87%         3    ##.....
 Static Discharge         Conj/Air       #.......     87%         3    ##.....
 Stone Arrow              Conj/Erth      #.....       87%         3    ##.....
 Tukima's Dance           Hex            #.......     87%         3    ##.....
 Vampiric Draining        Necr           #.........   87%         3    ##.....
 Iskenderun's Battlesphe  Conj/Chrm      ###.....     95%         5    ######.
 Summon Ice Beast         Ice/Summ       #.......     96%         4    ####...
 Summon Lightning Spire   Summ/Air       #.......     96%         4    ####...
 Airstrike                Air            #.........   99%         4    ####...
 Animate Dead             Necr           N/A          99%         4    ####...
 Cause Fear               Hex            #.........   99%         4    ####...
 Fulminant Prism          Conj/Hex       #.........   99%         4    ####...
 Hailstorm                Conj/Ice       #.......     99%         4    ####...
 Ice Form                 Ice/Tmut       #.......     99%         4    ####...
 Olgreb's Toxic Radiance  Pois           #.......     99%         4    ####...
 Petrify                  Tmut/Erth      #.......     99%         4    ####...
 Agony                    Necr           #.......     100%        5    ######.
 Alistair's Intoxication  Tmut/Pois      #.......     100%        5    ######.
 Blade Hands              Tmut           #.........   100%        5    ######.
 Bolt of Magma            Conj/Fire/Erth #.........   100%        5    ######.
 Fireball                 Conj/Fire      #.........   100%        5    ######.
 Irradiate                Conj/Tmut      #.........   100%        5    ######.
 Lee's Rapid Deconstruct  Erth           #.........   100%        5    ######.
 Lightning Bolt           Conj/Air       #.........   100%        5    ######.
 Metabolic Englaciation   Hex/Ice        #.........   100%        5    ######.
 Silence                  Hex/Air        #.........   100%        5    ######.
 Yara's Violent Unravell  Hex/Tmut       #.........   100%        5    ######.
 Conjure Ball Lightning   Conj/Air       #.........   100%        6    #######
 Freezing Cloud           Conj/Ice/Air   #.........   100%        6    #######
 Hydra Form               Tmut           #.........   100%        6    #######
 Invisibility             Hex            #.......     100%        6    #######
 Iron Shot                Conj/Erth      #.........   100%        6    #######
 Ozocubu's Refrigeration  Ice            #.........   100%        6    #######
 Simulacrum               Ice/Necr       #.........   100%        6    #######
 Starburst                Conj/Fire      #.........   100%        6    #######
 Statue Form              Tmut/Erth      #........    100%        6    #######
 Dragon Form              Tmut           #.........   100%        7    #######
 Orb of Destruction       Conj           #.........   100%        7    #######
 Ring of Flames           Chrm/Fire      ###.......   100%        7    #######
 Spellforged Servitor     Conj/Summ      #.........   100%        7    #######
 Chain Lightning          Conj/Air       #.........   100%        8    #######
 Discord                  Hex            #.........   100%        8    #######
 Ignition                 Fire           #.........   100%        8    #######
 Lehudib's Crystal Spear  Conj/Erth      #.........   100%        8    #######
 Absolute Zero            Ice            #.........   100%        9    #######
 Fire Storm               Conj/Fire      #.........   100%        9    #######


Dungeon Overview and Level Annotations

Branches:
Dungeon (15/15)            Temple (0/1) D:4            Lair (6/6) D:8
 Shoals (4/4) Lair:2        Snake (4/4) Lair:4        Slime (5/5) Lair:5
    Orc (2/2) D:12            Elf (3/3) Orc:2        Vaults (4/5) D:14
  Crypt (0/3) Vaults:3     Depths (5/5) D:15            Zot (5/5) Depths:5
Ossuary (visited)           IceCv (visited)         Volcano (visited)
Desolation (visited)

Altars:
Cheibriados
Elyvilon
Nemelex Xobeh
Uskayaw
Vehumet

Shops:
D:4 (   D:9 [   D:10 [   D:11 (   Orc:2 }*(=   Elf:3 *   Shoals:2 [
Shoals:3 [(?[   Snake:1 [   Snake:3 (}=}   Snake:4 *   Vaults:3 }*(=
Vaults:4 :

Portals:
Hell: Depths:1 Depths:2 Depths:3 Depths:4 Depths:5
Abyss: Depths:1 Depths:3 Depths:4
Pandemonium: Depths:1 Depths:2 Depths:3
Ziggurat: Depths:2

Annotations:
D:2 Sigmund
D:7 2 transporters, triki's ghost, novice CeAM
Orc:2 2 runed translucent doors, exclusion: orange crystal statue
Elf:2 3 runed translucent doors


Innate Abilities, Weirdness & Mutations

You have hooves in place of feet.
Armour fits poorly on your strangely shaped body.
You cover ground very quickly.
You have extremely tough skin. (AC +3)
You are partially covered in molten scales. (AC +2)
Your body often deteriorates upon taking damage.
You are dopey. (Int -2)
Your magical capacity is low. (-10% MP)
You are somewhat resistant to further mutation.
You passively map a small area around you.


Message History

Firing (i - inventory. (/) - cycle)
m - 923 arrows (quivered)
Press: ? - help, Shift-Dir - straight line, f/p - hellwing
Aim: a hellwing You shoot an arrow.
The arrow hits the hellwing!!
The arrow freezes the hellwing.
The hellwing is heavily wounded.
Firing (i - inventory. (/) - cycle)
m - 922 arrows (quivered)
Press: ? - help, Shift-Dir - straight line, f/p - hellwing
Aim: a hellwing (heavily wounded)
You shoot an arrow. The arrow closely misses the hellwing.
Firing (i - inventory. (/) - cycle)
m - 921 arrows (quivered)
Press: ? - help, Shift-Dir - straight line, f/p - hellwing
Aim: a hellwing (heavily wounded)
You shoot an arrow. The arrow hits the hellwing!
The arrow freezes the hellwing.
The hellwing is severely wounded.
Firing (i - inventory. (/) - cycle)
m - 920 arrows (quivered)
Press: ? - help, Shift-Dir - straight line, f/p - hellwing
Aim: a hellwing (severely wounded)
You shoot an arrow.
The arrow hits the hellwing but does no damage.
The hellwing is severely wounded.
Your extra speed is starting to run out.
Firing (i - inventory. (/) - cycle)
m - 919 arrows (quivered)
Press: ? - help, Shift-Dir - straight line, f/p - hellwing
Aim: a hellwing (severely wounded)
You shoot an arrow. The arrow hits the hellwing!!
The arrow freezes the hellwing.
You kill the hellwing!
No target in view!
Really quaff
d - 8 potions of haste {@q4 !q}?
You feel as though your hastened speed will last longer.
(D) Dungeon (T) Temple (L) Lair (A) Shoals (P) Snake Pit (M) Slime Pits (O) Orcish Mines (E) Elven Halls (V) Vaults (C) Crypt (U) Depths (H) Hell (Z) Zot
Where to? (Enter - D:1 @ (x,y), ? - help)
Items here: ))) [[ a +0 scale mail; a +0 dagger; a +0 ring mail; a +2 flail of holy wrath a +0 mace You see here a stone.
There is a stone staircase leading up, spattered with blood here.
You see here a stone.
You climb upwards.
Level annotation: Sigmund
There is a stone staircase leading down here.
There is a stone staircase leading up here.
You climb upwards.
There is a stone staircase leading down here.
A soul eater comes into view.
Your extra speed is starting to run out.
There is an open door here.
Firing (i - inventory. (/) - cycle)
m - 918 arrows (quivered)
Press: ? - help, Shift-Dir - straight line, f - soul eater
Aim: a soul eater You shoot an arrow.
The arrow hits the soul eater but does no damage.
You block the soul eater's attack.
Firing (i - inventory. (/) - cycle)
m - 917 arrows (quivered)
Press: ? - help, Shift-Dir - straight line, f/p - soul eater
Aim: a soul eater You shoot an arrow.
The arrow hits the soul eater.
The arrow freezes the soul eater.
The soul eater is lightly wounded.
Firing (i - inventory. (/) - cycle)
m - 916 arrows (quivered)
Press: ? - help, Shift-Dir - straight line, f/p - soul eater
Aim: a soul eater (lightly wounded)
You shoot an arrow. The arrow hits the soul eater!!!
The arrow freezes the soul eater.
The soul eater is severely wounded.
Firing (i - inventory. (/) - cycle)
m - 915 arrows (quivered)
Press: ? - help, Shift-Dir - straight line, f/p - soul eater
Aim: a soul eater (severely wounded)
You shoot an arrow.
The arrow closely misses the soul eater.
The soul eater hits you but does no damage.
Firing (i - inventory. (/) - cycle)
m - 914 arrows (quivered)
Press: ? - help, Shift-Dir - straight line, f/p - soul eater
Aim: a soul eater (severely wounded)
You shoot an arrow. The arrow hits the soul eater!
The arrow freezes the soul eater.
The soul eater is almost dead.
Firing (i - inventory. (/) - cycle)
m - 913 arrows (quivered)
Press: ? - help, Shift-Dir - straight line, f/p - soul eater
Aim: a soul eater (almost dead)
You shoot an arrow. The arrow hits the soul eater!
You kill the soul eater!
No target in view!
(D) Dungeon (T) Temple (L) Lair (A) Shoals (P) Snake Pit (M) Slime Pits (O) Orcish Mines (E) Elven Halls (V) Vaults (C) Crypt (U) Depths (H) Hell (Z) Zot
Where to? (Enter - D:1 @ (x,y), ? - help)
m - 917 arrows (gained 5)
You feel yourself slow down.
There is an open door here.
There is an open door here.
There is an open door here.
There is a staircase leading out of the dungeon here.
You have escaped!

..........#...........#..........
).......##..#########...#........
........#..##.......##..#........
.......#.)##.#######.##.....#....
.......#.##.##...≈.##.##....#....
....####.#.##.#####.##.#........#
......##.#.#.##.≈.##.#.'........#
......##.#(#.#.###.#.#.#........#
......)..#.#.#.#@#.'.#.#.........
.######..#.#.#.'##.#.#≈#.........
.# #..#.#.##...##.#.#......... .#
#..#.#'.#####.##.#.......#. ##
#..##.##.....##.##.......#. #
#...##.#######.##...#######
###..##.......##....# #...
##..'########....## #.##
##.............## #.#.


There were no monsters in sight!

Vanquished Creatures
  the Royal Jelly (Slime:5)
  Mara (Elf:3)
  Tiamat (Zot:4)
  An ancient lich (Zot:5)
  4 orbs of fire (Zot:5)
  A juggernaut (Depths:5)
  Sojobo (Depths:3)
  10 Killer Klowns (Zot:5)
  3 curse toes
  Vashnia (Snake:3)
  10 caustic shrikes (Depths:4)
  Nikola (Shoals:2)
  the Enchantress (Depths:1)
  7 golden dragons
  A golden dragon (shapeshifter) (Depths:4)
  2 liches
  4 electric golems
  Jorgrun (Shoals:3)
  27 Orb Guardians
  Rupert (Lair:4)
  15 tentacled monstrosities
  2 deep elf master archers (Elf:3)
  2 quicksilver dragons
  2 deep elf blademasters (Elf:3)
  Frances (Shoals:1)
  A titan (Vaults:4)
  20 acid blobs
  Gastronok (D:10)
  4 sphinxes
  10 death cobs
  Kirke (D:12)
  6 draconian monks
  Ilsuiw (Shoals:4)
  4 shadow dragons
  6 tengu reavers
  9 storm dragons
  9 azure jellies
  11 nagarajas
  Donald (Shoals:2)
  7 fire giants
  7 frost giants
  3 draconian knights
  An orc warlord (Orc:2)
  A ghost moth (shapeshifter) (Depths:5)
  5 ghost moths
  6 deep elf elementalists
  5 draconian scorchers
  4 deep elf sorcerers
  12 vault wardens
  6 draconian shifters
  4 ironheart preservers
  5 draconian annihilators
  5 draconian stormcallers
  8 spriggan defenders
  22 very ugly things
  Nessos (Lair:5)
  15 stone giants
  An entropy weaver (Vaults:1)
  8 green draconians
  A vampire knight (Depths:5)
  13 yellow draconians
  Azrael (D:12)
  6 purple draconians
  8 black draconians
  5 deep elf demonologists
  10 deep elf annihilators
  12 white draconians
  A lorocyproca (D:9)
  A minotaur (Shoals:3)
  A halazid warlock (Desolation)
  15 red draconians
  6 ettins
  7 spark wasps
  10 deep elf death magi
  9 merfolk javelineers
  The ghost of Mryle the Fighter, a journeyman TrHu of Trog (D:11)
  10 fire dragons
  10 merfolk impalers
  12 yaktaur captains
  8 death oozes (Slime:5)
  A ragged hierophant (Desolation)
  A servant of whispers (Vaults:1)
  6 rakshasas
  13 ogre magi
  A great orb of eyes (shapeshifter) (Depths:2)
  11 great orbs of eyes
  11 vault guards
  9 spriggan air magi
  6 deep elf high priests
  A hell beast (Depths:2)
  12 ice dragons
  14 naga warriors
  12 centaur warriors
  6 hydras
  2 death knights
  6 anacondas
  4 catoblepae
  An alligator snapping turtle (Shoals:4)
  4 merfolk aquamancers
  30 two-headed ogres
  5 tengu warriors
  13 death yaks
  7 deep troll shamans
  4 merfolk avatars
  16 dancing weapons
  3 satyrs
  A vampire mage (Depths:3)
  15 naga sharpshooters
  7 deep troll earth magi
  2 orc high priests
  5 spriggan berserkers
  5 shock serpents
  A sun demon (D:13)
  3 soul eaters
  18 deep elf knights
  8 spriggans
  4 iron trolls
  5 skeletal warriors
  16 deep trolls
  A sixfirhy (Depths:2)
  3 salamander mystics
  6 sea snakes
  2 shadow wraiths
  A sea snake (shapeshifter) (Depths:5)
  An unseen horror (D:12)
  11 naga ritualists
  3 glowing orange brains
  A shadow demon (D:8)
  8 wizards
  2 flayed ghosts
  15 deep elf archers
  12 harpies
  A lindwurm (shapeshifter) (Depths:3)
  16 orc knights
  8 mana vipers
  Pikel (D:4)
  A lindwurm (Lair:6)
  A phantasmal warrior (Vaults:2)
  4 necromancers
  A wolf spider zombie (D:14)
  4 orc sorcerers
  10 ironbrand convokers
  47 deep elf magi
  5 wolf spiders
  2 shining eyes (Slime:5)
  48 ugly things
  15 manticores
  32 fauns
  10 salamanders
  10 cyclopes
  A frost giant zombie (Vaults:2)
  Joseph (D:7)
  41 black mambas
  A torpor snail (shapeshifter) (Vaults:4)
  6 elephants
  24 moths of wrath
  6 ice statues
  A guardian serpent (shapeshifter) (Depths:2)
  12 vault sentinels
  2 molten gargoyles (Volcano)
  2 guardian serpents (Desolation)
  An orange demon (Depths:2)
  8 water nymphs
  9 merfolk sirens
  Psyche (D:8)
  A rust devil (Depths:1)
  3 gargoyles
  24 naga magi
  8 spiny frogs
  2 rime drakes (shapeshifter)
  2 torpor snails
  3 human skeletons (Vaults:2)
  Maggie (D:8)
  A rime drake (Lair:4)
  4 anaconda simulacra (IceCv)
  50 yaktaurs
  A kobold demonologist (D:14)
  2 ice devils
  An entropy weaver simulacrum (Vaults:2)
  A hellwing (D:3)
  13 komodo dragons
  4 freezing wraiths
  4 red devils (Elf:2)
  3 tengu conjurers
  A queen bee (D:9)
  A polar bear (shapeshifter) (Vaults:2)
  3 meliai (Shoals:3)
  10 hornets
  A jumping spider (Vaults:1)
  A tengu simulacrum (Vaults:3)
  A wind drake (shapeshifter) (Vaults:4)
  A queen bee (shapeshifter) (Vaults:2)
  8 saltlings
  40 merfolk
  13 trolls
  2 polar bears
  32 slime creatures
  9 snapping turtles
  A dream sheep (shapeshifter) (Depths:3)
  16 blink frogs
  10 hippogriffs
  3 wind drakes
  A blink frog (shapeshifter) (Vaults:4)
  5 dream sheep
  5 air elementals
  A shadow (D:11)
  A dire elephant simulacrum (IceCv)
  A redback (Vaults:1)
  3 wyverns
  A centaur simulacrum (D:11)
  69 yaks
  A spriggan (shapeshifter) (Depths:1)
  17 water elementals
  3 vampires
  3 wraiths
  2 fire bats (Volcano)
  A yak (shapeshifter) (Vaults:2)
  8 humans (D:14)
  6 hogs (D:12)
  2 golden eyes (Slime:5)
  A yaktaur simulacrum (Vaults:1)
  A hungry ghost (D:13)
  7 vampire mosquitoes
  3 basilisks
  8 fire elementals
  A golden eye (shapeshifter) (Depths:2)
  Menkaure (D:7)
  A basilisk (shapeshifter) (Elf:1)
  A chaos spawn (Depths:2)
  Grum (D:9)
  A neqoxec (Depths:2)
  5 wargs
  An iron troll simulacrum (IceCv)
  A harpy simulacrum (IceCv)
  A soldier ant (D:12)
  A hydra simulacrum (IceCv)
  3 acid dragons
  40 nagas
  3 floating eyes (Depths:4)
  11 water moccasins
  7 porcupines
  57 orc warriors
  An ettin simulacrum (IceCv)
  5 eyes of draining
  2 sky beasts (D:5)
  4 slaves
  3 black bears
  12 ice beasts
  23 ogres
  A phantom (D:7)
  33 centaurs
  14 boggarts
  11 crocodiles
  10 wolves
  Blork the orc (D:4)
  A big kobold (D:9)
  11 bullfrogs
  2 earth elementals
  A wyvern zombie (D:14)
  A glowing shapeshifter simulacrum (Vaults:3)
  6 scorpions
  26 killer bees
  5 electric eels (D:8)
  11 wights
  9 howler monkeys
  5 bullfrog zombies
  3 lava snakes (Volcano)
  6 centaur zombies
  14 hounds
  A human simulacrum (Vaults:2)
  A quasit (Depths:2)
  11 crimson imps
  4 centaur skeletons
  10 jellies
  16 orc priests
  4 bullfrog skeletons
  A gnoll shaman (D:10)
  4 iguanas
  2 hell rats (Lair:5)
  26 orc wizards
  9 worker ants
  2 big kobold zombies (Ossuary)
  3 ogre zombies (Ossuary)
  8 mummies
  Robin (D:2)
  A worker ant zombie (D:5)
  7 gnolls
  A howler monkey skeleton (D:11)
  15 adders
  5 river rats (Lair:5)
  6 shadow imps
  4 white imps (D:13)
  4 ufetubi
  6 oozes
  An adder skeleton (D:4)
  2 adder zombies (Ossuary)
  A worm (shapeshifter) (D:13)
  5 worms
  A dart slug (D:2)
  7 leopard geckos
  112 orcs
  A giant cockroach (D:5)
  21 goblins
  11 hobgoblins
  16 jackals
  6 quokkas
  2 ball pythons
  9 bats
  9 frilled lizards
  3 goblin zombies
  3 hobgoblin zombies (Ossuary)
  A jackal skeleton (D:5)
  11 kobolds
  6 kobold zombies
  An orc zombie (Ossuary)
  3 quokka skeletons
  4 quokka zombies
  14 rats
  7 rat zombies (Ossuary)
  4 plants (Shoals:4)
2346 creatures vanquished.

Vanquished Creatures (collateral kills)
  An orb of fire (Zot:5)
1 creature vanquished.

Vanquished Creatures (others)
  A red draconian (Volcano)
  A vault guard (D:14)
  An unseen horror (Vaults:1)
  2 blink frogs (Lair:5)
  A hog (D:12)
  A warg (Elf:3)
  2 fungi (Lair:3)
  8 pillars of salt (Vaults:1)
  28 plants
45 creatures vanquished.

Grand Total: 2392 creatures vanquished

Notes
Turn   | Place    | Note
-------+----------+-------------------------------------------
     0 | D:1      | EnegeticOcto the Centaur Summoner began the quest for the
                  | Orb.
     0 | D:1      | Reached XP level 1. HP: 14/14 MP: 3/3
   160 | D:1      | Reached skill level 1 in Fighting
   494 | D:1      | Reached skill level 1 in Polearms
   494 | D:1      | Reached XP level 2. HP: 23/23 MP: 4/4
  1570 | D:2      | Reached XP level 3. HP: 25/29 MP: 5/5
  1576 | D:2      | Reached skill level 2 in Fighting
  1792 | D:2      | Reached skill level 2 in Polearms
  2039 | D:2      | Noticed Robin
  2046 | D:2      | Reached XP level 4. HP: 37/37 MP: 6/6
  2281 | D:2      | Killed Robin
  3055 | D:2      | Reached skill level 3 in Fighting
  3360 | D:3      | Noticed a bullfrog
  3415 | D:3      | Noticed Sigmund
  3440 | D:3      | Killed a bullfrog
  3440 | D:3      | Reached skill level 3 in Polearms
  3440 | D:3      | Reached XP level 5. HP: 14/45 MP: 7/7
  4928 | D:3      | Reached skill level 4 in Fighting
  5192 | D:3      | Reached XP level 6. HP: 46/52 MP: 8/8
  5330 | D:4      | Found Qealaina's Weapon Boutique.
  5391 | D:4      | Noticed Blork the orc
  5535 | D:4      | Killed Blork the orc
  5535 | D:4      | Reached skill level 4 in Polearms
  5597 | D:4      | Reached skill level 5 in Fighting
  5601 | D:4      | Noticed a slave
  5723 | D:4      | Noticed a slave
  5723 | D:4      | Noticed Pikel
  5745 | D:4      | Noticed a slave
  5746 | D:4      | Noticed a slave
  5763 | D:3      | Killed a slave
  5769 | D:3      | Killed a slave
  5976 | D:4      | Found a staircase to the Ecumenical Temple.
  6099 | D:4      | Killed a slave
  6331 | D:4      | Killed a slave
  6343 | D:4      | Killed Pikel
  6343 | D:4      | Reached skill level 6 in Fighting
  6343 | D:4      | Reached skill level 5 in Polearms
  6343 | D:4      | Reached XP level 7. HP: 26/63 MP: 9/9
  6571 | D:4      | Reached XP level 8. HP: 65/71 MP: 10/10
  6883 | D:5      | Entered Level 5 of the Dungeon
  7158 | D:5      | Found a large runed translucent door.
  7164 | D:5      | Found a large runed translucent door.
  7165 | D:5      | Found a large runed translucent door.
  7166 | D:5      | Found a large runed translucent door.
  7265 | D:5      | Reached skill level 7 in Fighting
  7265 | D:5      | Reached skill level 6 in Polearms
  7461 | D:5      | Reached skill level 8 in Fighting
  7676 | D:5      | Got a jewelled dagger
  8253 | D:5      | Reached skill level 9 in Fighting
  8346 | D:5      | Found a snail-covered altar of Cheibriados.
  8939 | D:6      | Reached skill level 1 in Bows
  8939 | D:6      | Reached skill level 1 in Evocations
  9375 | D:6      | Reached skill level 2 in Bows
  9375 | D:6      | Reached XP level 9. HP: 69/83 MP: 11/11
  9527 | D:6      | Found a sand-covered staircase.
  9543 | Ossuary  | Entered an ossuary
  9753 | Ossuary  | Reached skill level 2 in Evocations
  9946 | Ossuary  | Reached skill level 3 in Bows
 10768 | D:6      | Reached skill level 4 in Bows
 10943 | D:6      | Reached skill level 3 in Evocations
 11150 | D:7      | Found a transporter.
 11150 | D:7      | Noticed triki's ghost (novice CeAM)
 11154 | D:7      | Found a transporter.
 11228 | D:7      | Noticed Menkaure
 11233 | D:7      | Killed Menkaure
 11233 | D:7      | Reached skill level 5 in Bows
 11577 | D:7      | Reached skill level 10 in Fighting
 11666 | D:7      | Reached skill level 6 in Bows
 11666 | D:7      | Reached skill level 4 in Evocations
 12144 | D:7      | Reached skill level 7 in Bows
 12297 | D:7      | Noticed Joseph
 12711 | D:7      | Killed Joseph
 12711 | D:7      | Reached skill level 8 in Bows
 12711 | D:7      | Reached XP level 10. HP: 83/93 MP: 13/13
 12918 | D:8      | Reached skill level 9 in Bows
 12948 | D:8      | Noticed Maggie
 13017 | D:8      | Noticed Psyche
 13023 | D:8      | Killed Psyche
 13023 | D:8      | Killed Maggie
 13023 | D:8      | Reached skill level 10 in Bows
 13251 | D:8      | Reached skill level 11 in Bows
 13644 | D:8      | Found a staircase to the Lair.
 14536 | D:9      | Reached skill level 12 in Bows
 14932 | D:9      | Reached skill level 13 in Bows
 15151 | D:9      | Noticed Grum
 15167 | D:9      | Killed Grum
 15528 | D:9      | Found Ahuch's Armour Shoppe.
 15531 | D:9      | Bought a scarf of repulsion for 192 gold pieces
 16071 | D:10     | Entered Level 10 of the Dungeon
 16088 | D:10     | Noticed a gargoyle
 16319 | D:10     | Reached XP level 11. HP: 75/99 MP: 14/14
 16669 | D:10     | Noticed Gastronok
 16896 | D:10     | Reached skill level 14 in Bows
 17496 | D:10     | Found Imifim's Armour Emporium.
 17639 | D:10     | Killed Gastronok
 17639 | D:10     | Reached skill level 15 in Bows
 17817 | Lair:1   | Entered Level 1 of the Lair of Beasts
 18178 | Lair:1   | Reached skill level 1 in Armour
 18190 | Lair:1   | Reached skill level 2 in Dodging
 19528 | Lair:1   | Reached skill level 2 in Armour
 19831 | Lair:1   | Reached skill level 16 in Bows
 19897 | Lair:1   | Reached skill level 3 in Dodging
 20535 | Lair:2   | Reached skill level 3 in Armour
 20541 | Lair:2   | Noticed a seven-headed hydra
 20584 | Lair:1   | Killed a seven-headed hydra
 20584 | Lair:1   | Reached XP level 12. HP: 94/106 MP: 15/15
 21318 | Lair:2   | Reached skill level 4 in Dodging
 21606 | Lair:2   | Noticed an eight-headed hydra
 21613 | Lair:2   | Killed an eight-headed hydra
 21613 | Lair:2   | Reached skill level 4 in Armour
 22016 | Lair:2   | Reached skill level 17 in Bows
 22050 | Lair:2   | Found a staircase to the Shoals.
 22444 | Lair:2   | Reached skill level 5 in Armour
 23340 | Lair:3   | Noticed a death yak
 23406 | Lair:3   | Killed a death yak
 23406 | Lair:3   | Reached skill level 18 in Bows
 23467 | Lair:3   | Noticed a death yak
 23469 | Lair:3   | Noticed a death yak
 23476 | Lair:3   | Noticed a death yak
 23477 | Lair:3   | Killed a death yak
 23478 | Lair:3   | Noticed a death yak
 23499 | Lair:3   | Killed a death yak
 23550 | Lair:3   | Killed a death yak
 23610 | Lair:3   | Killed a death yak
 23950 | Lair:3   | Reached skill level 19 in Bows
 24381 | Lair:3   | Identified the Handbook of Icy Hexes
 24782 | Lair:3   | Reached XP level 13. HP: 107/113 MP: 16/16
 24916 | Lair:3   | Reached skill level 6 in Armour
 24916 | Lair:3   | Reached XP level 14. HP: 121/121 MP: 17/17
 25078 | Lair:4   | Learned a level 2 spell: Blink
 25081 | Lair:4   | Learned a level 2 spell: Passwall
 25338 | Lair:4   | Reached skill level 20 in Bows
 25375 | Lair:4   | Got a dazzling ring mail
 25508 | Lair:4   | Noticed Rupert
 25524 | Lair:4   | Killed Rupert
 25524 | Lair:4   | Reached skill level 1 in Translocations
 25848 | Lair:4   | Reached skill level 2 in Translocations
 26262 | Lair:4   | Found a staircase to the Snake Pit.
 26591 | Lair:5   | Identified the +4 ring mail "Miej" {Harm *Corrode MR+
                  | Str+4} (You found it on level 4 of the Lair of Beasts)
 26602 | Lair:5   | Noticed Nessos
 26617 | Lair:5   | Killed Nessos
 26656 | Lair:5   | Reached skill level 3 in Translocations
 27062 | Lair:5   | Reached skill level 5 in Dodging
 27062 | Lair:5   | Reached skill level 7 in Armour
 27302 | Lair:5   | Found a staircase to the Slime Pits.
 28171 | Lair:6   | Entered Level 6 of the Lair of Beasts
 28357 | Lair:6   | Reached skill level 4 in Translocations
 28444 | Lair:6   | Reached skill level 11 in Fighting
 28623 | Lair:6   | Found a dark tunnel.
 28631 | Volcano  | Entered a volcano
 28831 | Volcano  | Found a radiant altar of Vehumet.
 29026 | Volcano  | Reached skill level 6 in Dodging
 29026 | Volcano  | Reached skill level 5 in Translocations
 29465 | Lair:6   | Identified a scroll of acquirement
 29877 | Lair:6   | Reached XP level 15. HP: 105/130 MP: 18/18
 30044 | Lair:6   | Reached skill level 8 in Armour
 30452 | Lair:6   | Reached skill level 6 in Translocations
 31794 | D:11     | Found a transporter.
 31833 | D:11     | Found a transporter.
 31833 | D:11     | Noticed Mryle's ghost (journeyman TrHu)
 32230 | D:11     | Found Qeux's Antique Weapon Shop.
 32354 | D:11     | Found a sparkling altar of Nemelex Xobeh.
 32354 | D:11     | Found a transporter.
 32369 | D:11     | Got a faintly glowing turquoise ring
 32452 | D:11     | Reached skill level 12 in Fighting
 32721 | D:11     | Killed Mryle's ghost
 33009 | D:11     | Got a faintly glowing pewter ring
 33090 | D:12     | Noticed Azrael
 33123 | D:12     | Killed Azrael
 33494 | D:12     | Noticed Kirke
 33495 | D:12     | Reached skill level 7 in Dodging
 33498 | D:12     | Killed Kirke
 33808 | D:12     | Identified the ring "Empielum" {Ice rN+ MP+9 Str-3 Int+4}
                  | (You found it on level 11 of the Dungeon)
 34170 | D:12     | Found a staircase to the Orcish Mines.
 34183 | D:12     | You fall into a shaft and drop 3 floors!
 34183 | D:15     | Entered Level 15 of the Dungeon
 34502 | D:14     | Reached skill level 7 in Translocations
 34953 | D:14     | Identified the ring "Xulatz" {rPois rN+ Str+6 Dex+3 Stlth-}
                  | (You found it on level 11 of the Dungeon)
 35060 | D:14     | Reached skill level 9 in Armour
 35323 | D:14     | Found a gate to the Vaults.
 36226 | D:13     | Reached XP level 16. HP: 141/141 MP: 19/19
 36450 | D:13     | Reached skill level 8 in Translocations
 36674 | D:13     | Reached skill level 8 in Dodging
 37384 | D:15     | Found a white marble altar of Elyvilon.
 37437 | D:15     | Reached skill level 13 in Fighting
 37640 | D:15     | Found a staircase to the Depths.
 37859 | D:15     | Identified the +3 dagger of Buonk {vorpal, rC+ rN+} (You
                  | found it on level 5 of the Dungeon)
 37976 | Orc:1    | Entered Level 1 of the Orcish Mines
 37976 | Orc:1    | Noticed Maurice
 37979 | Orc:1    | Noticed Maurice
 37979 | Orc:1    | Maurice changed into Maurice the wolf
 37980 | Orc:1    | Killed Maurice the wolf
 38168 | Orc:2    | Entered Level 2 of the Orcish Mines
 38169 | Orc:2    | Found a staircase to the Elven Halls.
 39651 | Orc:2    | Reached skill level 10 in Armour
 39884 | Orc:2    | Found a runed translucent door.
 39887 | Orc:2    | Found the +10 tower shield of Ignorance {rN+ Int-4}
 39913 | Orc:2    | Found a runed translucent door.
 40127 | Orc:2    | Found Faann's Antique Weapon Shop.
 40127 | Orc:2    | Found Peoceala's General Store.
 40129 | Orc:2    | Found Virymiu's Gadget Shoppe.
 40131 | Orc:2    | Found Feuw's Jewellery Boutique.
 40143 | Orc:2    | Bought the ring of Xom's Full Attention {*Corrode MR++
                  | Stlth+} for 409 gold pieces
 40148 | Orc:2    | Bought a scroll of fog for 28 gold pieces
 40148 | Orc:2    | Bought a potion of ambrosia for 112 gold pieces
 40148 | Orc:2    | Bought a scroll of teleportation for 42 gold pieces
 40152 | Orc:2    | Bought a wand of acid (7) for 286 gold pieces
 40152 | Orc:2    | Bought a wand of digging (4) for 208 gold pieces
 40152 | Orc:2    | Bought a wand of flame (19) for 136 gold pieces
 40152 | Orc:2    | Bought a wand of flame (14) for 104 gold pieces
 40152 | Orc:2    | Bought a phial of floods for 520 gold pieces
 40455 | Snake:1  | Entered Level 1 of the Snake Pit
 40487 | Snake:1  | Reached skill level 14 in Fighting
 40738 | Snake:1  | Found Ysofrugim's Armour Shoppe.
 42026 | Snake:2  | Reached skill level 15 in Fighting
 42350 | Snake:2  | Got a warped emerald amulet
 42351 | Snake:2  | Identified the amulet of Pride {Reflect rF- rN++ Str+3
                  | Dex+2 SH+5} (You found it on level 2 of the Snake Pit)
 42370 | Snake:2  | Reached skill level 2 in Spellcasting
 42991 | Snake:3  | Reached skill level 5 in Evocations
 43000 | Snake:3  | Reached skill level 3 in Spellcasting
 43264 | Snake:3  | Reached XP level 17. HP: 153/156 MP: 19/21
 43837 | Snake:3  | Found Qyuxta's Antique Weapon Boutique.
 44161 | Snake:3  | Reached skill level 4 in Spellcasting
 44169 | Snake:3  | Reached skill level 6 in Evocations
 44276 | Snake:3  | Found Nuzysk's Gadget Shoppe.
 44276 | Snake:3  | Found Joxtigaf's Jewellery Boutique.
 44277 | Snake:3  | Found Lomics's Gadget Shoppe.
 44286 | Snake:3  | Bought a wand of paralysis (11) for 169 gold pieces
 44290 | Snake:3  | Bought a wand of clouds (5) for 540 gold pieces
 44332 | Snake:4  | Entered Level 4 of the Snake Pit
 44337 | Snake:4  | Noticed Vashnia
 45059 | Snake:3  | Killed Vashnia
 45573 | Snake:4  | Found Auothoast's Alliterative Accessories.
 45591 | Snake:4  | Bought a scroll of acquirement for 624 gold pieces
 45591 | Snake:4  | Bought a wand of acid (6) for 240 gold pieces
 45593 | Snake:4  | Bought a manual of Armour for 1324 gold pieces
 45676 | Snake:4  | Reached skill level 5 in Spellcasting
 45719 | Snake:4  | Reached skill level 7 in Evocations
 46399 | Snake:4  | Reached skill level 9 in Dodging
 46621 | Snake:4  | Reached skill level 6 in Spellcasting
 46658 | Snake:4  | Got a serpentine rune of Zot
 46665 | Snake:4  | Reached skill level 11 in Armour
 46696 | Snake:4  | Reached skill level 8 in Evocations
 47153 | Shoals:1 | Entered Level 1 of the Shoals
 47176 | Shoals:1 | Reached XP level 18. HP: 151/166 MP: 25/27
 47266 | Shoals:1 | Found a frozen archway.
 47280 | IceCv    | Entered an ice cave
 47819 | IceCv    | Identified the +6 halberd of Ru's Grace {flame, Int+6} (You
                  | found it in an ice cave)
 48432 | Shoals:1 | Noticed Frances
 48445 | Shoals:1 | Killed Frances
 48661 | Shoals:2 | Found Lompuf's Armour Shoppe.
 48757 | Shoals:2 | Reached skill level 9 in Evocations
 48780 | Shoals:2 | Noticed Donald
 48784 | Shoals:2 | Killed Donald
 48784 | Shoals:2 | Reached skill level 7 in Spellcasting
 48998 | Shoals:2 | Noticed Nikola
 49024 | Shoals:2 | Killed Nikola
 49509 | Shoals:3 | Found Ywoxutush's Antique Armour Shoppe.
 49622 | Shoals:3 | Reached skill level 16 in Fighting
 49644 | Shoals:3 | Noticed Jorgrun
 49654 | Shoals:3 | Killed Jorgrun
 50031 | Shoals:3 | Got a shimmering plate armour
 50077 | Shoals:3 | Found Wusestro's Antique Weapon Shoppe.
 50201 | Shoals:3 | Identified the +2 fustibalus of Kixkempei {vorpal, Dex+7}
 50508 | Shoals:3 | Found a hide-covered altar of Uskayaw.
 50544 | Shoals:3 | Found Zamados's Antique Armour Emporium.
 50566 | Shoals:3 | Found Wigoc's Magic Scroll Shoppe.
 50592 | Shoals:3 | Bought a pair of runed gloves for 270 gold pieces
 50687 | Shoals:3 | Bought a scroll of blinking for 75 gold pieces
 50687 | Shoals:3 | Bought 3 scrolls of identify for 60 gold pieces
 50687 | Shoals:3 | Bought a scroll of teleportation for 30 gold pieces
 50687 | Shoals:3 | Bought a scroll of enchant weapon for 75 gold pieces
 50687 | Shoals:3 | Bought a scroll of teleportation for 30 gold pieces
 50687 | Shoals:3 | Bought a scroll of magic mapping for 35 gold pieces
 50687 | Shoals:3 | Bought a scroll of enchant weapon for 75 gold pieces
 50687 | Shoals:3 | Identified the +5 plate armour of Keyraqux {+Inv rC+ rN+
                  | Dex-3} (You found it on level 3 of the Shoals)
 51279 | Shoals:4 | Entered Level 4 of the Shoals
 51284 | Shoals:4 | Reached skill level 10 in Evocations
 51284 | Shoals:4 | Reached skill level 8 in Spellcasting
 51284 | Shoals:4 | Reached skill level 12 in Armour
 51453 | Shoals:4 | Reached XP level 19. HP: 163/172 MP: 31/31
 51495 | Shoals:4 | Got a barnacled rune of Zot
 51730 | Shoals:4 | Identified the +5 chain mail "Jerykh" {rPois rF+ Regen+
                  | Int+3} (You found it on level 4 of the Shoals)
 51818 | Shoals:4 | Noticed Ilsuiw
 51829 | Shoals:4 | Reached skill level 10 in Dodging
 51841 | Shoals:4 | Killed Ilsuiw
 52299 | Shoals:4 | Identified the +6 hand axe of Gych {freeze, rF+ rC+}
 52988 | Elf:1    | Entered Level 1 of the Elven Halls
 53414 | Elf:1    | Reached skill level 13 in Armour
 54086 | Elf:1    | Identified the +1 ring mail of the Journeyman {rElec rN+
                  | MR+ Str+9} (You found it on level 1 of the Elven Halls)
 54751 | Elf:2    | Reached skill level 17 in Fighting
 55325 | Elf:2    | Found a runed translucent gate.
 55325 | Elf:2    | Found a runed translucent gate.
 55325 | Elf:2    | Found a runed translucent gate.
 55338 | Elf:2    | Gained mutation: You are partially covered in molten
                  | scales. (AC +2) [potion of mutation]
 55338 | Elf:2    | Gained mutation: You passively map a small area around you.
                  | [potion of mutation]
 55338 | Elf:2    | Gained mutation: You are somewhat resistant to further
                  | mutation. [potion of mutation]
 55543 | Vaults:1 | Entered Level 1 of the Vaults
 55687 | Vaults:1 | Found a ruined gateway.
 55896 | Desolati | Entered the Desolation of Salt
 56176 | Vaults:1 | Reached skill level 11 in Dodging
 57305 | Vaults:1 | Reached skill level 14 in Armour
 57494 | Vaults:1 | Reached XP level 20. HP: 172/184 MP: 32/32
 60951 | Vaults:2 | Reached skill level 18 in Fighting
 61653 | Vaults:2 | Reached skill level 21 in Bows
 62181 | Vaults:3 | Found Ullaul's Weapon Boutique.
 62299 | Vaults:3 | Found a staircase to the Crypt.
 62313 | Vaults:3 | Reached skill level 12 in Dodging
 62515 | Vaults:3 | Found Qeihax's Jewellery Emporium.
 62516 | Vaults:3 | Found Gatem's Assorted Antiques.
 62527 | Vaults:3 | Bought a scroll labeled GIXKIBLO EMMOC for 26 gold pieces
 62527 | Vaults:3 | Bought 2 potions of resistance for 520 gold pieces
 62527 | Vaults:3 | Bought a scroll of fear for 91 gold pieces
 63132 | Vaults:3 | Found Gezat's Gadget Shop.
 63153 | Vaults:3 | Bought a wand of digging (3) for 224 gold pieces
 63153 | Vaults:3 | Bought a wand of digging (1) for 160 gold pieces
 63327 | Vaults:3 | Reached XP level 21. HP: 172/194 MP: 31/33
 63822 | Vaults:3 | Found a radiant altar of Vehumet.
 64705 | Vaults:4 | Found Enwol's Book Emporium.
 65076 | Vaults:4 | Reached skill level 15 in Armour
 65954 | Elf:3    | Entered Level 3 of the Elven Halls
 66014 | Elf:3    | Found Bugymuc's Assorted Antiques.
 66373 | Elf:3    | Noticed Mara
 66439 | Elf:3    | Killed Mara
 67594 | Elf:3    | Reached skill level 22 in Bows
 68151 | Elf:3    | Identified the +4 scythe of Tastrot {venom, rElec rF+
                  | Int+3}
 68174 | Elf:3    | Reached skill level 19 in Fighting
 68389 | Elf:3    | Identified the +7 storm dragon scales of Darkness {rElec
                  | rCorr}
 68572 | Elf:3    | Identified the ring of Aleer {rPois rF+ MR+ SInv Stlth+}
 69000 | Elf:3    | Reached XP level 22. HP: 205/205 MP: 34/34
 69219 | Elf:3    | Identified the cursed ring of Jealousy {Int-4 Stlth+}
 69220 | Elf:3    | Reached skill level 13 in Dodging
 69446 | Elf:3    | Identified the +2 great sword of Indignation {holy, *Slow
                  | rElec Int-4 Stlth+}
 69546 | Elf:3    | Learned a level 2 spell: Song of Slaying
 70239 | Depths:1 | Entered Level 1 of the Depths
 70348 | Depths:1 | Reached skill level 1 in Charms
 70505 | Depths:1 | Found a one-way gate leading to the halls of Pandemonium.
 70717 | Depths:1 | Found a one-way gate to the infinite horrors of the Abyss.
 70770 | Depths:1 | Reached skill level 2 in Charms
 70979 | Depths:1 | Found a gateway to Hell.
 71165 | Depths:1 | You fall into a shaft and drop 1 floor!
 71165 | Depths:2 | Found a gateway to a ziggurat.
 71377 | Depths:1 | Noticed the Enchantress
 71380 | Depths:1 | Reached skill level 3 in Charms
 71380 | Depths:1 | Killed the Enchantress
 72395 | Depths:2 | Reached skill level 4 in Charms
 72410 | Depths:2 | Noticed a golden dragon
 72426 | Depths:2 | Killed a golden dragon
 73145 | Depths:2 | Reached skill level 23 in Bows
 73318 | Depths:2 | Identified the ring "Vuafris" {EV+4 Str-5 Int+2 Stlth+}
 73701 | Depths:2 | Reached skill level 5 in Charms
 73936 | Depths:2 | Identified Aresma Qean's Disquisition on Aerial Toxins
 74150 | Depths:3 | Reached XP level 23. HP: 215/215 MP: 32/35
 74246 | Depths:3 | Noticed Sojobo
 74257 | Depths:3 | Reached skill level 16 in Armour
 74257 | Depths:3 | Killed Sojobo
 75330 | Depths:4 | You fall into a shaft and drop 1 floor!
 75330 | Depths:5 | Entered Level 5 of the Depths
 75341 | Depths:4 | Noticed a caustic shrike
 75341 | Depths:4 | Noticed a caustic shrike
 75341 | Depths:4 | Noticed a caustic shrike
 75341 | Depths:4 | Noticed a caustic shrike
 75370 | Depths:5 | Reached skill level 6 in Charms
 75623 | Depths:5 | Reached skill level 20 in Fighting
 76004 | Depths:5 | Identified the cursed +2 flail of Ointment {venom, rPois
                  | rN+}
 76067 | Depths:5 | Noticed a juggernaut
 76077 | Depths:5 | Killed a juggernaut
 76077 | Depths:5 | Reached skill level 14 in Dodging
 76833 | Depths:5 | Reached skill level 7 in Charms
 76959 | Depths:5 | Found a gate to the Realm of Zot.
 77667 | Depths:4 | Noticed a caustic shrike
 77669 | Depths:4 | Noticed a caustic shrike
 77671 | Depths:4 | Noticed a caustic shrike
 77675 | Depths:4 | Killed a caustic shrike
 77677 | Depths:4 | Killed a caustic shrike
 77683 | Depths:4 | Killed a caustic shrike
 77898 | Depths:4 | Identified the +5 morningstar of Uskayaw's Benevolence
                  | {speed, *Noise +Inv +Fly MR++}
 77959 | Depths:4 | Reached XP level 24. HP: 206/225 MP: 33/35
 77984 | Depths:4 | Reached skill level 24 in Bows
 78012 | Depths:4 | Reached skill level 8 in Charms
 78969 | Depths:4 | Identified the +11 great sword of Cheese {elec, Str-4
                  | Int+5}
 80736 | Slime:1  | Entered Level 1 of the Pits of Slime
 80740 | Slime:1  | Reached skill level 9 in Charms
 81065 | Slime:5  | Entered Level 5 of the Pits of Slime
 81362 | Slime:5  | Noticed the Royal Jelly
 81371 | Slime:5  | Killed the Royal Jelly
 81371 | Slime:5  | Reached skill level 21 in Fighting
 81371 | Slime:5  | Reached skill level 17 in Armour
 81573 | Slime:5  | Reached skill level 15 in Dodging
 81587 | Slime:5  | Found the +9 staff of Wucad Mu {channel}
 81600 | Slime:5  | Identified the Compendium of Vitriolic Earth
 81608 | Slime:5  | Identified the +9 broad axe of Doom {speed, rElec rC+ rN+
                  | Str+3} (You found it on level 5 of the Pits of Slime)
 81631 | Slime:5  | Identified the Collected Works on the Boosting Traveller
 81634 | Slime:5  | Got a slimy rune of Zot
 81687 | Slime:5  | Got a sparkling iron ring
 81688 | Slime:5  | Identified the ring of the Tempest {Fire Int+4} (You found
                  | it on level 5 of the Pits of Slime)
 81695 | Slime:5  | Identified the cursed +1 plate armour of Hairiness {+Fly
                  | rElec rC+} (You found it on level 5 of the Pits of Slime)
 82233 | Zot:1    | Entered Level 1 of the Realm of Zot
 82427 | Zot:1    | Reached XP level 25. HP: 216/235 MP: 33/35
 82643 | Zot:1    | Reached skill level 25 in Bows
 83662 | Zot:1    | Identified the +4 chain mail of Loss {MR++ rCorr Int-5
                  | Dex+4} (You found it on level 1 of the Realm of Zot)
 85851 | Elf:3    | Bought a potion of resistance for 330 gold pieces
 85851 | Elf:3    | Bought a scroll of holy word for 247 gold pieces
 85851 | Elf:3    | Bought a scroll of holy word for 247 gold pieces
 85851 | Elf:3    | Bought a wand of polymorph (6) for 66 gold pieces
 88270 | Zot:4    | Reached XP level 26. HP: 237/246 MP: 34/35
 88372 | Zot:4    | Reached skill level 26 in Bows
 88478 | Zot:4    | Reached skill level 22 in Fighting
 88720 | Zot:4    | Identified the +4 dragonskin cloak
 88720 | Zot:4    | Noticed Tiamat
 88726 | Zot:4    | Reached skill level 16 in Dodging
 88777 | Zot:4    | Killed Tiamat
 88777 | Zot:4    | Reached skill level 18 in Armour
 89182 | Zot:5    | Entered Level 5 of the Realm of Zot
 90578 | Zot:5    | Noticed an orb of fire
 90599 | Zot:5    | Killed an orb of fire
 91134 | Zot:5    | Noticed an orb of fire
 91147 | Zot:5    | Gained mutation: You are dopey. (Int -2) [an orb of fire]
 91161 | Zot:5    | Gained mutation: Your magical capacity is low. (-10% MP)
                  | [an orb of fire]
 91166 | Zot:5    | Killed an orb of fire
 91730 | Zot:5    | Noticed an orb of fire
 91733 | Zot:5    | Noticed an orb of fire
 91736 | Zot:5    | Reached skill level 27 in Bows
 91736 | Zot:5    | Gained mutation: Your body sometimes deteriorates upon
                  | taking damage. [an orb of fire]
 91745 | Zot:5    | Noticed an orb of fire
 91748 | Zot:5    | Reached XP level 27. HP: 207/256 MP: 25/31
 91751 | Zot:5    | Gained mutation: Your body often deteriorates upon taking
                  | damage. [an orb of fire]
 91769 | Zot:5    | Killed an orb of fire
 91776 | Zot:5    | Killed an orb of fire
 91781 | Zot:5    | Killed an orb of fire
 91786 | Zot:5    | Reached skill level 23 in Fighting
 91800 | Zot:5    | Noticed an ancient lich
 92257 | Zot:5    | Reached skill level 17 in Dodging
 92264 | Zot:5    | Killed an ancient lich
 93214 | Zot:5    | Got the Orb of Zot
 93667 | D:9      | Noticed Lezxuhia the pandemonium lord
 93890 | D:$      | Escaped with the Orb!

Illustrated notes

Levels and vault maps discovered:
D:1:      evilmike_arrival_rings, layout_basic, minmay_heptomino_h4
D:2:      layout_basic, minivault_24, grunt_ministairs_11,
          minmay_goblin_outpost, uniq_robin
D:3:      minmay_angry_zag, layout_rooms, chequers_mini_garden, uniq_sigmund
D:4:      layout_cave_pools, minmay_temple_entry_slanted, serial_shops,
          nicolae_shop_stone, uniq_pikel, uniq_blork_the_orc
D:5:      layout_basic, cheibrodos_worm_habitat, first_ration,
          minmay_hollow_rounded_squares
D:6:      layout_cave_pools, nicolae_ossuary_entry_giza, serial_column_ruins,
          column_ruins_pillar_12
D:7:      layout_loops_corners, gammafunk_ghost_arena, uniq_joseph,
          uniq_menkaure
D:8:      layout_gridville, erik_lair_island, uniq_maggie, uniq_psyche
D:9:      layout_loops_corners, serial_shops, kennysheep_mini, david_nohive_1,
          uniq_grum
D:10:     layout_loops_ring, serial_shops, shop, uniq_gastronok
D:11:     layout_small_grid, gammafunk_ghost_mausoleum, serial_shops, shop,
          grunt_nemelex_the_gamble
D:12:     layout_loops_ring, orc_0_dummy, uniq_azrael, uniq_kirke
D:13:     layout_roguey, minmay_fire_ice_demons
D:14:     layout_stronghold, ximxim_vaults_locker_room
D:15:     grunt_enter_depths_snipers, layout_cross,
          minmay_misc_feat_four_crosses, elyvilon_altar_1
Lair:1:   layout_regular_city
Lair:2:   layout_cave_shapes, shoals_dummy_entry, grunt_megastairs_3
Lair:3:   layout_chaotic_city
Lair:4:   layout_gridlike, minmay_snake_entry_guardpost_large, uniq_rupert
Lair:5:   layout_hall_layers, nicolae_slime_entry_slimehenge,
          kennysheep_abandoned_house, infiniplex_staircase_pool_2, uniq_nessos
Lair:6:   evilmike_catoblepas_cave, layout_cellular_growth,
          nicolae_volcano_entry_hallway, grunt_megastairs_1
Shoals:1: layout_shoals, portal_ice_cave_entry_ice_statue_one, uniq_frances
Shoals:2: layout_shoals, serial_shops, shop, uniq_nikola, uniq_donald
Shoals:3: layout_shoals, serial_shops, nicolae_shop_statue_plus, shop, shop,
          nicolae_shop_crystal, regret_index_shoals_crete, uniq_jorgrun
Shoals:4: shoals_end_grunt_garden, layout_shoals, shoals_ilsuiw_alternative
Snake:1:  layout_onion_interference, serial_shops, nicolae_shop_statue_plus,
          drop_trap
Snake:2:  layout_gridlike, special_room, st_stairs_11
Snake:3:  layout_gridlike, serial_shops, nicolae_shop_overgrown_old_shop,
          minmay_shop_grove, lemuel_fruit_tree
Snake:4:  snake_pit, layout_gridlike, nicolae_alphabet_shops, uniq_vashnia
Slime:1:  layout_caves, nicolae_slime_barrier
Slime:2:  layout_caves, nicolae_slime_round_cave
Slime:3:  layout_caves, nicolae_slime_ancient_tower_intersection
Slime:4:  layout_caves, basic_altar
Slime:5
Orc:1:    layout_diamond_mine, uniq_maurice
Orc:2:    st_orc_rangers, layout_caves, chequers_guarded_unrand_ignorance
Elf:1:    layout_loops_corners, kennysheep_underground_church
Elf:2:    layout_rooms, dk_noncrumbling_4, nicolae_elf_stone_circles,
          einodemon_armed_red_devil_minivault
Elf:3:    grunt_elf_hall_asides, layout_loops_cross, serial_shops, shop,
          minivault_5, st_stairs_4, grunt_ministairs_5, uniq_mara
Vaults:1: hangedman_vaults_restitches, v_misc_10, grunt_vaults_trifunnel,
          hangedman_vaults_pinch, v_pattern_5, vaults_room_stairs_pillars,
          nicolae_vaults_network_periphery, nicolae_vaults_specimen_jars,
          vaults_room_pools, layout_vaults_omnicross,
          portal_desolation_entry_garden
Vaults:2: v_misc_14, ontoclasm_vaults_claustrophobia, vaults_mumra_bighexcomb,
          hangedman_vaults_unwind, v_pattern_3, v_misc_24,
          vaults_room_semicircle, nicolae_vaults_little_squares_3,
          vaults_standard_mumra_x, v_misc_29, layout_vaults_omnigrid
Vaults:3: minmay_crypt_entry_simple_statues, vaults_room_door_ring,
          nicolae_vaults_puzzle_piece, vaults_room_hallway,
          ontoclasm_vaults_fault, nicolae_vaults_little_ls, v_misc_24,
          grunt_tower_of_power, ontoclasm_vaults_chip,
          nicolae_vaults_ring_of_whatevers, ontoclasm_vaults_shuriken,
          layout_vaults_ring, serial_shops, shop, nicolae_shop_stone, shop,
          shop, uniq_margery
Vaults:4: v_pattern_1, st_lines, vaults_dpeg_hooks, nicolae_vaults_network_s,
          nicolae_vaults_triangles, nicolae_vaults_ring_of_whatevers,
          ontoclasm_vaults_ring_small, nicolae_vaults_little_squares_3,
          nicolae_vaults_little_squares_1, vaults_room_semicircle,
          nicolae_vaults_little_squares_3, v_misc_27, ontoclasm_vaults_ligature,
          v_alt_pattern_6, nicolae_vaults_theta, hangedman_vaults_capsules,
          layout_vaults_omnibox, serial_shops, shop_fountains
Depths:1: layout_cave_pools, abyss_entry, serial_column_ruins,
          column_ruins_portal_astroid, column_ruins_open_small,
          column_ruins_open_large, column_ruins_open_small_water, nicolae_wwwww,
          grunt_hell_entry_dis_grunt, kennysheep_four_rooms, uniq_enchantress
Depths:2: minmay_the_grid_triangle_9x9_rhombus_full_mashed
          [minmay_the_grid_triangle_9x9_negative_grid,
          minmay_the_grid_triangle_9x9_cache,
          minmay_the_grid_triangle_9x9_wacky_v,
          minmay_the_grid_triangle_9x9_descending_squares,
          minmay_the_grid_triangle_9x9_limited_checkers,
          minmay_the_grid_triangle_9x9_steps,
          minmay_the_grid_triangle_9x9_windchime,
          minmay_the_grid_triangle_9x9_prize_schism], layout_honeycomb,
          enter_ziggurat_b, grunt_pan_entry_sceptre, nrook_mini_backslash,
          hell_entry
Depths:3: minmay_connected_triangles_in_corner, layout_cave_pools,
          abyss_entry_small_statue_room, rand_demon_pan_entry_5, hell_entry,
          chequers_serial_rivers_micro_b, uniq_sojobo
Depths:4: grunt_runaround [grunt_runaround_doors_1, grunt_runaround_doors_2,
          grunt_runaround_doors_3, grunt_runaround_doors_4,
          grunt_runaround_loot], abyss_entry, hell_entry
Depths:5: grunt_zot_entry_alcove, layout_cave_pools, pf_hell_entry_tar_spiral
Zot:1:    layout_misc_corridors
Zot:2:    layout_concentric_octagons
Zot:3:    layout_basic
Zot:4:    layout_misc_corridors, uniq_tiamat
Zot:5:    layout_basic

Skill      XL: |  1  2  3  4  5  6  7  8  9 10 11 12 13 14 15 16 17 18 19 20 21 22 23 24 25 26 27 |
---------------+----------------------------------------------------------------------------------+-----
Fighting       | 1 2 3 4 6 9 10 11 12 15 16 17 18 19 20 21 22 23 | 23.2
Polearms       | 1 2 3 5 6 |  6.0
Bows           | 2 8 13 16 19 20 21 22 23 24 25 27 | 27.0
Evocations     | 1 4 5 8 10 | 10.0
Armour         | 3 5 6 7 9 10 11 12 14 15 16 17 18 | 18.9
Dodging        | 3 4 6 7 8 9 11 12 13 14 15 16 17 | 17.2
Translocations | 5 7 8 |  8.0
Spellcasting   | 3 6 8 |  8.0
Charms         | 5 7 9 |  9.0
Stealth        | |  1.1
Summonings     | |  3.6

Action                   |  1- 3 |  4- 6 |  7- 9 | 10-12 | 13-15 | 16-18 | 19-21 | 22-24 | 25-27 || total
-------------------------+-------+-------+-------+-------+-------+-------+-------+-------+-------++-------
Melee: Spear             |   120 |   312 |       |       |       |       |       |       |       ||   432
       Kick              |    20 |    46 |    77 |    76 |    67 |     2 |    12 |    27 |       ||   327
       Trident           |       |    89 |   318 |   273 |   272 |     3 |    18 |       |       ||   973
       Unarmed           |       |     1 |       |       |       |       |       |       |       ||     1
       Longbow           |       |       |       |       |     1 |       |       |       |       ||     1
       Demon trident     |       |       |       |       |       |       |    18 |    92 |       ||   110
 Fire: Shortbow          |       |       |   300 |   416 |       |       |       |       |       ||   716
       Longbow           |       |       |       |   235 |   986 |  2004 |  2293 |  1761 |  1274 ||  8553
Throw: Dart              |     7 |    32 |     8 |     5 |     6 |     2 |       |     1 |       ||    61
       Throwing net      |       |       |       |       |       |       |       |     1 |       ||     1
 Cast: Blink             |       |       |       |       |       |       |     3 |     2 |     2 ||     7
       Song of Slaying   |       |       |       |       |       |       |       |    17 |     8 ||    25
 Abil: Evoke Invisibilit |       |       |       |       |       |     1 |     1 |       |       ||     2
Evoke: Wand              |       |     2 |       |    26 |     6 |    16 |     6 |    27 |    21 ||   104
       Lightning rod     |       |       |     3 |     3 |    10 |     4 |       |     4 |     4 ||    28
       Tin of tremorston |       |       |       |     3 |     8 |     2 |    13 |    19 |     6 ||    51
       Phial of floods   |       |       |       |       |       |     2 |       |       |       ||     2
  Use: Scroll            |     1 |     8 |    11 |     8 |    12 |    19 |    12 |    16 |    12 ||    99
       Potion            |       |     1 |       |       |     1 |       |     9 |     3 |    13 ||    27
 Stab: Fleeing           |       |       |       |     1 |       |       |       |       |       ||     1
       Sleeping          |       |       |       |       |     2 |       |       |       |       ||     2
       Invisible         |       |       |       |       |       |       |     1 |       |       ||     1
  Eat: Chunk             |     3 |    10 |    12 |    23 |    15 |    25 |    35 |     9 |       ||   132
       Ration            |       |     1 |     1 |     3 |     4 |     5 |     2 |     9 |     9 ||    34
Armor: Robe              |    33 |    23 |       |       |       |       |       |       |       ||    56
       Ring mail         |       |    54 |       |       |       |       |       |       |       ||    54
       Chain mail        |       |   145 |   217 |    22 |       |       |       |       |       ||   384
       Swamp dragon scal |       |       |       |   163 |   230 |       |       |       |       ||   393
       Skin              |       |       |       |     2 |       |       |       |       |     8 ||    10
       Plate armour      |       |       |       |       |    53 |   404 |   748 |       |       ||  1205
       Storm dragon scal |       |       |       |       |       |       |     8 |   606 |   273 ||   887
Dodge: Dodged            |    39 |   105 |    57 |   204 |   215 |   183 |   233 |   314 |   153 ||  1503
       Repelled          |       |       |       |     1 |    23 |   117 |   108 |    42 |    11 ||   302
Block: Other             |       |       |       |       |       |       |       |   235 |   108 ||   343
